Map: Thunderbird LE

Players

ShoWTimE - Winner!

  • Race: Protoss Protoss
  • Spawn Location: 5:00

Cham

  • Race: Zerg Zerg
  • Spawn Location: 11:00

VOD

Have the link to the VOD?

Description

Time

  • Played on: Sept. 7, 2019, 1:39 p.m.
  • Length: 20:20
Show
View Real Time Build Order
Export as new Build Order

ShoWTimE Protoss - Winner!

Build Orders: 1 Gate Expand, Oracle Opening, Phoenix Opening, Archon Immortal, Carriers 

Get SALT Encoding   

  12  0:00  Probe  
  13  0:12  Probe  
  14  0:17  Pylon  
  14  0:24  Probe  
  15  0:32  Probe  
  15  0:38  Gateway  
  15  0:40  Probe  
  16  0:46  Assimilator  
  17  0:51  Probe  
  18  1:03  Probe  
  19  1:15  Probe  
  20  1:24  Nexus  
  20  1:29  Probe  
  21  1:38  Cybernetics Core  
  21  1:41  Probe  
  22  1:47  Assimilator  
  22  1:53  Pylon  
  22  1:56  Probe  
  23  2:04  Adept  
  23  2:11  Probe  
  26  2:19  Stargate  
  26  2:23  Probe  
  26  2:24  Warp Gate  
  27  2:32  Probe  
  27  2:33  Probe  
  27  2:35  Adept  
  30  2:40  Probe  
  30  2:41  Probe  
  31  2:49  Probe  
  33  2:51  Probe  
  33  2:57  Phoenix  
  35  3:01  Probe  
  35  3:03  Probe  
  39  3:12  Pylon  
  39  3:13  Oracle, Probe  
  39  3:16  Probe  
  41  3:25  Probe  
  45  3:28  Gateway  
  45  3:29  Probe  
  46  3:37  Probe, Assimilator  
  46  3:38  Assimilator  
  47  3:41  Probe  
  47  3:42  Oracle  
  48  3:50  Probe  
  48  3:53  Probe  
  53  4:00  Pylon  
  53  4:02  Probe  
  54  4:04  Robotics Facility  
  54  4:11  Oracle  
  54  4:14  Pylon  
  54  4:18  Probe x2  
  59  4:26  Gateway  
  59  4:27  Gateway  
  59  4:32  Probe  
  59  4:37  Nexus  
  60  4:41  Pylon  
  60  4:44  Sentry  
  60  4:45  Pylon, Sentry  
  64  4:47  Immortal, Probe  
  64  4:48  Probe  
  70  5:00  Probe x2  
  72  5:08  Forge  
  72  5:10  Twilight Council  
  72  5:13  Probe  
  73  5:17  Probe  
  73  5:20  Pylon  
  74  5:25  Probe  
  75  5:29  Probe  
  73  5:36  Charge  
  73  5:37  Probe  
  73  5:41  Probe  
  75  5:44  Observer  
  75  5:45  Protoss Ground Weapons Level 1  
  75  5:46  Assimilator  
  75  5:49  Probe  
  77  5:50  Assimilator  
  77  5:51  Probe, Sentry x2  
  77  5:53  Probe  
  77  5:55  Zealot x2  
  87  5:59  Probe  
  87  6:00  Templar Archives  
  87  6:01  Probe  
  89  6:05  Immortal, Probe  
  89  6:07  Probe  
  94  6:13  Probe  
  94  6:17  Probe  
  94  6:18  Probe  
  97  6:23  Pylon  
  97  6:24  Pylon  
  97  6:25  Probe  
  99  6:27  Psionic Storm  
  99  6:29  Probe  
  99  6:30  Probe  
  101  6:37  Probe  
  101  6:38  High Templar  
  104  6:41  Immortal, Probe  
  104  6:42  Probe  
  106  6:47  Gateway  
  106  6:48  Gateway  
  106  6:49  Probe  
  106  6:52  High Templar  
  114  6:59  Gateway  
  114  7:00  Gateway  
  115  7:01  High Templar  
  115  7:03  Pylon  
  115  7:07  Pylon  
  115  7:11  High Templar  
  117  7:24  Immortal  
  117  7:32  Nexus  
  117  7:35  High Templar x2  
  117  7:36  Pylon  
  121  7:38  Pylon  
  121  7:41  Pylon  
  125  7:46  Gateway  
  125  7:47  Gateway  
  125  7:50  High Templar x2, Protoss Ground Weapons Level 2  
  125  7:51  Zealot x2  
  133  7:55  Archon  
  133  7:58  Warp Prism  
  133  8:01  Probe x3  
  133  8:04  Photon Cannon  
  138  8:06  Photon Cannon  
  138  8:08  Photon Cannon, High Templar x2  
  138  8:10  Shield Battery  
  138  8:12  Archon  
  142  8:13  Shield Battery, Zealot x4  
  142  8:17  Shield Battery  
  142  8:19  Assimilator  
  150  8:24  Assimilator  
  150  8:26  Warp Prism  
  150  8:27  Zealot x2  
  154  8:40  Zealot x2, High Templar x2  
  164  8:44  Archon  
  156  9:04  High Templar  
  156  9:05  High Templar x2  
  156  9:07  Pylon  
  156  9:09  Pylon  
  160  9:11  Pylon, Archon  
  160  9:12  Pylon  
  160  9:15  Pylon  
  160  9:17  Photon Cannon, Zealot x7  
  168  9:30  Immortal  
  168  9:38  Fleet Beacon  
  168  9:42  Stargate  
  168  9:51  High Templar  
  168  9:52  Zealot x8, High Templar  
  188  9:53  Stargate  
  188  9:57  Archon  
  188  10:08  Nexus  
  188  10:09  Pylon  
  188  10:19  Carrier x2  
  170  10:25  Protoss Air Weapons Level 1  
  166  10:29  Pylon  
  166  10:34  Mothership  
  178  10:37  Zealot x7  
  178  10:39  Carrier  
  178  10:42  Zealot x3  
  181  10:56  Protoss Ground Weapons Level 3  
  185  11:04  Photon Cannon  
  185  11:06  Photon Cannon  
  185  11:10  Probe x3  
  188  11:13  Zealot x2  
  188  11:17  Zealot x2  
  188  11:26  Zealot x3  
  161  11:33  Zealot x3  
  161  11:38  Probe  
  161  11:39  Probe  
  154  11:46  Zealot x3  
  158  11:54  Probe  
  158  11:55  Probe x2  
  158  12:02  High Templar x7  
  158  12:03  Probe x3  
  158  12:06  Archon  
  158  12:07  Archon x2  
  175  12:29  High Templar  
  177  12:30  High Templar x2  
  177  12:32  Nexus  
  177  12:34  Archon  
  181  12:42  Carrier  
  161  12:45  Zealot x6  
  160  12:52  Carrier  
  170  13:05  High Templar  
  170  13:06  Zealot x3, High Templar  
  170  13:07  Protoss Air Weapons Level 2  
  170  13:10  Archon  
  178  13:15  High Templar  
  178  13:16  High Templar  
  178  13:19  Pylon  
  182  13:22  Nexus  
  182  13:25  Pylon  
  182  13:28  Pylon  
  182  13:30  Photon Cannon  
  182  13:34  Probe x3  
  182  13:37  Void Ray  
  189  13:41  High Templar x3  
  189  13:42  High Templar  
  189  13:45  Archon  
  189  13:47  Archon, Blink, Shield Battery  
  187  14:01  Zealot x2  
  165  14:17  Stalker x4  
  167  14:27  Stalker x2  
  168  14:33  Void Ray  
  168  14:34  Void Ray  
  172  14:41  Void Ray  
  172  14:54  High Templar x3, Assimilator  
  172  14:55  Observer, High Templar  
  172  14:56  Assimilator  
  172  14:59  Archon  
  180  15:00  Archon  
  181  15:12  Stalker x3  
  187  15:21  Archon  
  177  15:24  Protoss Shields Level 1  
  177  15:26  Stalker x2  
  141  15:35  Zealot x7  
  149  15:53  High Templar x2  
  149  15:56  High Templar  
  155  16:05  High Templar  
  155  16:17  High Templar  
  155  16:18  Zealot x4  
  157  16:25  Nexus  
  163  16:27  Immortal  
  163  16:34  Stalker x2  
  163  16:35  Stalker  
  163  16:39  Archon  
  169  16:40  Zealot x4  
  177  16:51  High Templar  
  171  16:54  Probe x3  
  171  16:57  Probe  
  175  17:03  Observer, Zealot x8  
  175  17:06  Probe x3  
  189  17:09  Probe  
  190  17:18  Probe  
  191  17:24  Void Ray x2  
  199  17:42  Photon Cannon  
  199  17:44  Photon Cannon  
  199  17:47  High Templar x5  
  199  17:48  Zealot  
  195  17:54  Archon  
  195  17:56  Tempest  
  200  18:15  Photon Cannon  
  200  18:17  Shield Battery  
  168  18:27  Archon  
  168  18:29  Zealot x8  
  168  18:32  Archon  
  168  18:33  Carrier  
  168  18:34  Carrier x2  
  160  18:38  Zealot  
  172  18:49  High Templar  
  172  18:50  Zealot x3  
  172  18:51  Zealot x4  
  188  18:55  Nexus  
  188  18:58  Pylon  
  188  19:02  High Templar  
  166  19:27  Void Ray  
  166  19:30  Zealot x8  
  176  19:34  Photon Cannon  
  176  19:37  Photon Cannon, High Templar  
  182  19:38  Photon Cannon  
  182  19:40  Shield Battery  
  182  19:42  Pylon  
  182  19:44  Assimilator  
  182  19:46  Photon Cannon  
  182  19:47  Assimilator  
  182  19:48  Photon Cannon  
  182  19:51  High Templar x2  
  182  19:52  High Templar x2  
  190  19:58  Archon x2  
  190  20:05  Photon Cannon  
  188  20:09  Photon Cannon  
Show
View Real Time Build Order
Export as new Build Order

Cham Zerg 

Build Orders: Hatch First 

Get SALT Encoding   

  12  0:00  Drone  
  13  0:09  Drone  
  14  0:17  Overlord  
  15  0:35  Drone x2  
  16  0:48  Hatchery  
  15  0:51  Drone  
  15  0:56  Drone  
  17  1:00  Drone  
  18  1:10  Extractor  
  17  1:14  Spawning Pool  
  17  1:18  Drone  
  17  1:20  Drone  
  18  1:31  Drone  
  19  1:42  Drone  
  20  1:52  Drone  
  21  2:00  Drone  
  21  2:01  Queen x2  
  24  2:02  Zergling x2  
  27  2:11  Zergling x2  
  27  2:13  Metabolic Boost  
  28  2:16  Overlord  
  28  2:31  Hatchery  
  28  2:34  Drone x2  
  29  2:41  Queen  
  31  2:46  Overlord  
  31  2:50  Drone  
  32  2:54  Drone  
  32  2:55  Drone  
  34  2:59  Overlord  
  34  3:03  Drone  
  35  3:09  Drone x3  
  38  3:13  Spore Crawler  
  38  3:14  Drone  
  38  3:17  Drone  
  39  3:23  Queen  
  41  3:28  Queen  
  41  3:31  Drone  
  41  3:32  Drone  
  45  3:36  Drone  
  45  3:37  Drone  
  47  3:47  Drone x5  
  47  3:48  Drone  
  53  3:52  Drone  
  53  3:53  Drone x2  
  57  3:55  Drone  
  57  4:02  Overlord  
  58  4:10  Drone  
  58  4:16  Roach Warren  
  57  4:19  Overlord  
  57  4:21  Drone x2  
  57  4:22  Zergling x6  
  62  4:24  Spore Crawler, Queen  
  63  4:31  Drone  
  63  4:32  Spore Crawler  
  63  4:33  Drone x2  
  63  4:34  Drone  
  63  4:36  Lair  
  66  4:39  Overlord  
  66  4:40  Drone x3  
  69  4:46  Drone  
  69  4:50  Overlord, Drone  
  69  4:51  Drone  
  69  4:52  Drone  
  73  4:54  Drone  
  73  4:57  Overlord  
  74  5:02  Drone x3  
  74  5:03  Drone x3  
  80  5:07  Extractor  
  80  5:08  Extractor  
  80  5:10  Extractor x2  
  80  5:11  Extractor  
  80  5:13  Drone x2  
  77  5:16  Overlord  
  77  5:17  Evolution Chamber, Hatchery  
  77  5:18  Drone x2  
  77  5:19  Baneling Nest  
  73  5:34  Drone  
  73  5:35  Drone  
  69  5:38  Drone x2  
  70  5:43  Glial Reconstitution, Overlord  
  70  5:44  Drone x2  
  70  5:45  Drone  
  70  5:46  Drone x10  
  83  5:54  Zerg Melee Weapons Level 1  
  83  6:02  Drone  
  83  6:03  Overlord  
  85  6:04  Roach  
  85  6:06  Roach  
  85  6:08  Overlord  
  85  6:09  Roach  
  89  6:17  Roach x4  
  97  6:19  Zergling x2, Roach x2  
  97  6:22  Roach  
  97  6:24  Pneumatized Carapace  
  106  6:25  Roach  
  106  6:27  Ravager  
  106  6:28  Zergling x2, Ravager  
  106  6:31  Zergling x2  
  106  6:32  Ravager  
  111  6:33  Roach x2  
  115  6:45  Centrifical Hooks  
  115  6:46  Drone  
  115  6:47  Drone x12  
  123  6:48  Spore Crawler  
  123  6:50  Overlord  
  127  6:56  Drone  
  127  6:57  Drone x2  
  130  7:06  Roach  
  131  7:18  Overlord, Hatchery  
  131  7:22  Drone x2  
  130  7:23  Drone x7  
  130  7:26  Drone x3  
  130  7:29  Extractor, Roach  
  141  7:30  Roach x2  
  143  7:39  Overlord  
  143  7:40  Zergling x12  
  149  7:47  Hatchery  
  149  7:49  Roach x3  
  152  7:54  Zerg Melee Weapons Level 2  
  152  7:56  Overlord  
  152  7:57  Overlord x6  
  152  8:04  Infestation Pit  
  151  8:08  Zergling x2  
  151  8:11  Overlord  
  151  8:12  Overlord x2  
  154  8:20  Zergling x18, Roach x2  
  154  8:22  Ravager x3  
  154  8:25  Zergling x8  
  154  8:26  Baneling x5  
  172  8:27  Baneling x6  
  172  8:28  Baneling x6  
  172  8:33  Overlord  
  172  8:38  Roach x2  
  172  8:39  Zergling x12, Roach  
  181  8:43  Baneling x11  
  180  8:50  Zergling x14  
  180  8:52  Roach  
  180  8:53  Roach x2  
  180  8:54  Baneling x2  
  184  9:03  Roach x4  
  184  9:04  Zergling x14, Roach  
  184  9:07  Baneling x13  
  184  9:08  Hive, Baneling x2  
  176  9:34  Spire  
  176  9:35  Extractor  
  176  9:36  Drone x4  
  176  9:37  Zergling x12  
  184  9:40  Zergling x4  
  184  9:41  Zergling x2  
  184  9:44  Zergling x4  
  189  9:46  Zergling x4  
  189  9:48  Overlord  
  189  9:50  Ravager x3  
  189  9:51  Ravager  
  189  9:52  Baneling x3  
  195  9:53  Baneling x4  
  195  9:54  Zergling x2  
  196  10:04  Baneling x10  
  196  10:07  Extractor x2, Zergling x4  
  196  10:10  Baneling x4  
  196  10:11  Baneling x6  
  196  10:13  Zergling x4  
  198  10:16  Zergling x2  
  198  10:20  Adrenal Glands  
  194  10:21  Zerg Melee Weapons Level 3  
  194  10:29  Zergling x6  
  174  10:50  Corruptor x7, Greater Spire  
  174  10:52  Zergling x20  
  174  10:54  Corruptor  
  199  11:06  Overlord  
  199  11:08  Baneling x10  
  197  11:13  Zergling x2  
  197  11:14  Zergling x2  
  171  11:38  Zergling x2  
  171  11:39  Zergling x22, Roach  
  185  11:40  Zergling x16, Roach x7  
  185  11:46  Zergling x2, Roach x2  
  188  11:55  Roach  
  188  11:56  Zergling x4, Roach x3  
  188  11:59  Zergling x2  
  199  12:01  Baneling x3  
  199  12:02  Baneling x9  
  199  12:09  Overlord  
  199  12:10  Overlord  
  199  12:12  Baneling x14  
  188  12:24  Baneling x14  
  188  12:25  Zergling x24  
  190  12:42  Corruptor x3  
  190  12:43  Corruptor x9  
  190  12:44  Zergling x2, Roach x2  
  173  12:47  Corruptor, Roach x2  
  173  12:48  Zergling x4  
  157  12:56  Corruptor x2  
  157  12:58  Zerg Missile Weapons Level 1, Roach x2  
  165  13:01  Roach x2  
  165  13:02  Corruptor  
  171  13:09  Corruptor, Roach x3  
  171  13:10  Zergling x2  
  179  13:14  Zergling x2  
  179  13:16  Drone  
  179  13:17  Extractor  
  179  13:18  Extractor  
  179  13:19  Corruptor x2  
  183  13:21  Zergling x6  
  186  13:27  Corruptor  
  186  13:28  Zergling x4, Roach x3  
  186  13:29  Zergling x4  
  198  13:36  Zerg Flyer Weapons Level 1  
  192  13:42  Roach x4  
  197  13:58  Baneling  
  197  13:59  Baneling x2  
  179  14:12  Zergling x2  
  179  14:13  Zergling x34  
  179  14:16  Zergling x6  
  196  14:33  Corruptor  
  196  14:34  Corruptor x3  
  196  14:35  Zergling x6  
  196  14:48  Roach x5  
  196  14:49  Zergling x18  
  200  14:54  Baneling x18, Overseer  
  200  14:57  Baneling x6  
  196  15:19  Hatchery  
  176  15:25  Roach x11  
  176  15:26  Zergling x12  
  180  15:31  Roach x2  
  180  15:32  Roach  
  180  15:33  Zergling x2  
  177  15:37  Ravager  
  177  15:38  Ravager x3  
  177  15:40  Ravager x2  
  183  15:44  Zergling x4, Roach x2  
  183  15:45  Zergling x2  
  183  15:48  Zergling x4, Roach x2  
  196  15:54  Zergling x2  
  196  15:55  Zergling x6  
  200  15:58  Baneling x3  
  200  15:59  Baneling x6  
  199  16:22  Baneling  
  199  16:23  Baneling x13  
  189  16:38  Zergling x2  
  181  16:43  Drone  
  181  16:44  Drone x2  
  181  16:45  Drone x10  
  181  16:46  Drone x2  
  191  16:53  Drone  
  191  16:54  Drone x2  
  187  16:55  Drone x3  
  187  16:56  Drone x3  
  193  17:06  Hatchery  
  186  17:09  Zergling x20  
  186  17:11  Zergling x2  
  196  17:17  Zergling x4  
  196  17:20  Zergling x4  
  200  17:25  Overseer  
  200  17:30  Hatchery  
  200  17:35  Baneling x15  
  199  17:40  Zergling x2  
  191  17:56  Zergling x12  
  191  17:57  Zergling x6  
  200  18:15  Hatchery  
  195  18:21  Zergling x2, Roach x5  
  195  18:27  Zergling x4, Roach x6  
  186  18:29  Roach x2  
  149  18:38  Roach x11  
  149  18:39  Roach  
  145  18:41  Roach x2  
  145  18:42  Zergling x2  
  145  18:48  Roach x3  
  156  18:49  Ravager x3  
  156  18:50  Ravager x10  
  156  18:51  Zergling x2  
  156  18:54  Zergling x4  
  156  18:55  Baneling x2  
  172  18:56  Baneling x2  
  172  18:57  Baneling  
  172  19:00  Zergling x4  
  172  19:01  Zergling x2  
  165  19:15  Corruptor x3, Zergling x2, Roach  
  123  19:28  Corruptor x2  
  107  19:43  Zergling x2, Roach x2  
  107  19:44  Zergling x4  
  107  19:45  Ravager  
  115  19:47  Ravager x3  
  115  19:48  Ravager  
  117  19:53  Roach x2  
  117  19:54  Roach x2  
  124  20:10  Hatchery  
Tags
 
Add a new tag
Caveats
  • Supply blocks, unpowered buildings, or Contaminate may cause inaccurate times.
  • Supply counts are checked every 10 seconds.